 Dungeon Crawl Stone Soup version 0.26-a0-812-g31a745ddcd (webtiles) character file.

Game seed: 17534323451419421722

2543 mkm the Cleaver (level 9, 0/79 HPs)
             Began as a Minotaur Berserker on Nov 19, 2020.
             Was a Priest of Trog.
             Slain by a soul eater (3 damage)
             ... summoned by a kobold demonologist
             ... on level 7 of the Dungeon.
             The game lasted 00:25:28 (7810 turns).

mkm the Cleaver (Minotaur Berserker)                Turns: 7810, Time: 00:25:28

Health: 0/79       AC: 10    Str: 30    XL:     9   Next: 30%
Magic:  8/8        EV: 10    Int:  4    God:    Trog [***...]
Gold:   397        SH:  0    Dex: 11    Spells: 8/8 levels left

rFire    . . .     SeeInvis .   a - +0 mace
rCold    . . .     Faith    .   (no shield)
rNeg     . . .     Spirit   .   k - +0 plate armour
rPois    +         Reflect  .   (helmet restricted)
rElec    .         Harm     .   (no cloak)
rCorr    .         Rampage  .   (no gloves)
MR       ++...                  c - +2 pair of boots
Stlth    ..........             (no amulet)
HPRegen  1.23/turn              b - ring of poison resistance
MPRegen  0.11/turn              p - +6 ring of strength

@: berserk cooldown, regenerating, slowed, lightly drained, very slow
A: retaliatory headbutt, horns 2, deformed body, wild magic 1
a: Berserk, Trog's Hand, Renounce Religion


You were on level 7 of the Dungeon.
You worshipped Trog.
Trog was most pleased with you.
You visited 1 branch of the dungeon, and saw 7 of its levels.

You collected 397 gold pieces.

Inventory:

Hand Weapons
 a - a +0 mace (weapon)
 g - a +0 morningstar
 o - a +0 broad axe
Armour
 c - a +2 pair of boots (worn)
 k - a +0 plate armour (worn)
Jewellery
 b - a ring of poison resistance (left hand)
 h - an uncursed ring of stealth
 p - a +6 ring of strength (right hand)
 q - an uncursed ring of flight
Wands
 j - a wand of disintegration (9)
 s - a wand of iceblast (10)
Scrolls
 d - 2 scrolls of identify
 f - a scroll of enchant armour
 n - 2 scrolls of blinking
 r - a scroll of remove curse
 v - 2 scrolls of teleportation
Potions
 e - 4 potions of curing
 i - a potion of ambrosia
 m - a potion of magic
 t - a potion of flight
 u - a potion of berserk rage


   Skills:
 + Level 7.6(7.2) Fighting
 + Level 9.1(9.4) Axes
 + Level 5.6(7.7) Maces & Flails
 + Level 5.6(5.2) Armour
 + Level 5.7(5.3) Dodging
 + Level 3.0(2.7) Stealth


You had 8 spell levels left.
You didn't know any spells.
Your spell library was empty.

Dungeon Overview and Level Annotations

Branches:
Dungeon (7/15)             Temple (0/1) D:5

Altars:
Vehumet
Xom

Annotations:
D:7 1 transporter


Innate Abilities, Weirdness & Mutations

You reflexively headbutt those who attack you in melee.
You have a pair of horns on your head.
Armour fits poorly on your strangely shaped body.
Your spells are a little harder to cast, but a little more powerful.


Message History

You open the door.
The kobold demonologist looks braver for a moment.
The soul eater draws from the surrounding life force!
* * * LOW HITPOINT WARNING * * *
The soul eater is healed.
The ufetubus hits you but does no damage.
The ufetubus hits you.
* * * LOW HITPOINT WARNING * * *
The shadow imp gestures at you. You resist with almost no effort.
You feel better.
The ufetubus hits you but does no damage. x2
The soul eater barely misses you. The ufetubus closely misses you.
You furiously retaliate!
You headbutt the ufetubus, but do no damage.
The ufetubus hits you but does no damage.
The soul eater hits you!
* * * LOW HITPOINT WARNING * * *
You feel drained.
You die...

###################
#.................#
#.###############.#
#.#8≈#K5K5o.5#P8#.#
##.#P.#≈≈≈≈≈≈≈#.P#.##
##..#$$#.5≈≈≈..#..#..##
#..©#©.'@345≈..'.©#©..#
#...#$$#..≈≈5..#..#...#
.......#.#P.#≈≈≈≈≈≈≈#.P#...#
.....###.#8≈#o.5....#P8#..##
..... #.###############).#
.... #.............((...#
.... #####......########..#
## ...
#...##....##.....##.## .##.
#...##....##.....##.#


You could see a soul eater (summoned), 2 kobold demonologists, a chaos spawn
(summoned), an iron imp (summoned), 2 orc priests, a quasit (summoned), 3 shadow
imps and 2 ufetubi.

Vanquished Creatures
  A two-headed ogre (D:5)
  Sigmund (D:5)
  An orc warrior (D:7)
  A black bear (D:6)
  4 ogres
  4 centaurs
  2 bullfrogs
  Blork the orc (D:5)
  A scorpion (D:4)
  A wight (D:6)
  2 howler monkeys
  A bullfrog zombie (D:4)
  A jelly (D:7)
  2 orc priests
  A hound (D:4)
  An orc wizard (D:7)
  Jessica (D:3)
  3 worker ants
  A howler monkey skeleton (D:6)
  15 adders
  A shadow imp (D:5)
  A white imp (D:7)
  4 oozes
  An adder zombie (D:6)
  An adder skeleton (D:4)
  A worm (D:2)
  A dart slug (D:5)
  9 leopard geckos
  9 orcs
  2 ball pythons
  2 bats
  7 giant cockroaches
  8 goblins
  4 hobgoblins
  6 jackals
  3 quokkas
  2 frilled lizards
  A jackal skeleton (D:4)
  4 kobolds
  7 rats
119 creatures vanquished.

Notes
Turn   | Place    | Note
-------+----------+-------------------------------------------
     0 | D:1      | mkm the Minotaur Berserker began the quest for the Orb.
     0 | D:1      | Reached XP level 1. HP: 19/19 MP: 0/0
   417 | D:1      | Reached XP level 2. HP: 19/27 MP: 1/1
  1130 | D:2      | Reached XP level 3. HP: 31/33 MP: 2/2
  1489 | D:2      | Reached XP level 4. HP: 36/41 MP: 3/3
  1577 | D:2      | Reached ** piety under Trog
  1921 | D:3      | Gained mutation: Armour fits poorly on your strangely
                  | shaped body. [potion of mutation]
  1921 | D:3      | Gained mutation: Your spells are a little harder to cast,
                  | but a little more powerful. [potion of mutation]
  2064 | D:3      | Reached skill level 1 in Axes
  2362 | D:3      | Reached skill level 2 in Axes
  2362 | D:3      | Reached XP level 5. HP: 37/47 MP: 4/4
  2437 | D:3      | Found a radiant altar of Vehumet.
  2539 | D:3      | Noticed Jessica
  2546 | D:3      | Killed Jessica
  3170 | D:4      | Noticed an ogre
  3182 | D:4      | Killed an ogre
  3182 | D:4      | Reached skill level 3 in Axes
  3182 | D:4      | Reached XP level 6. HP: 6/55 MP: 5/5
  3182 | D:4      | HP: 2/82 [adder (5)]
  3601 | D:4      | Reached skill level 5 in Fighting
  3601 | D:4      | Reached skill level 4 in Axes
  3821 | D:4      | Reached skill level 1 in Stealth
  3892 | D:4      | Reached XP level 7. HP: 47/61 MP: 6/6
  4031 | D:4      | Reached skill level 5 in Axes
  4296 | D:4      | Found a shimmering altar of Xom.
  4456 | D:5      | Entered Level 5 of the Dungeon
  4456 | D:5      | Found a staircase to the Ecumenical Temple.
  4667 | D:5      | Noticed a two-headed ogre
  4675 | D:5      | Killed a two-headed ogre
  4675 | D:5      | Reached skill level 7 in Axes
  4675 | D:5      | Reached XP level 8. HP: 54/71 MP: 7/7
  4805 | D:5      | Found a shimmering altar of Xom.
  4859 | D:5      | Noticed Blork the orc
  4871 | D:5      | Killed Blork the orc
  4871 | D:5      | Reached skill level 5 in Dodging
  5215 | D:5      | Noticed Sigmund
  5233 | D:5      | Killed Sigmund
  5233 | D:5      | Reached skill level 8 in Axes
  5233 | D:5      | Reached skill level 5 in Armour
  5706 | D:6      | Reached *** piety under Trog
  6343 | D:6      | Reached XP level 9. HP: 79/79 MP: 8/8
  6444 | D:6      | Reached skill level 9 in Axes
  6444 | D:6      | Reached skill level 5 in Maces & Flails
  7307 | D:7      | HP: 2/79 [orc warrior/+1 vorpal halberd (15)]
  7686 | D:7      | Found a transporter.
  7694 | D:7      | Found a transporter.
  7718 | D:7      | Noticed a kobold demonologist
  7719 | D:7      | Noticed a kobold demonologist
  7806 | D:7      | Noticed a soul eater
  7810 | D:7      | HP: 3/79 [soul eater[a kobold demonologist] (14)]
  7810 | D:7      | Slain by a soul eater

Illustrated notes

Levels and vault maps discovered:
D:1:      nicolae_arrival_somewhat_less_tricky_arrival, layout_basic,
          serial_aquarium, aquarium_bridge_square [aquarium_subvault_wall,
          aquarium_subvault_wall, aquarium_subvault_wall,
          aquarium_subvault_bridge], aquarium_bridge_island_small
          [aquarium_subvault_small_water, aquarium_subvault_balcony,
          aquarium_subvault_balcony, aquarium_subvault_bridge,
          aquarium_subvault_bridge], aquarium_window_fake, aquarium_window_1,
          aquarium_window_1, aquarium_view_2d, aquarium_view_2f
D:2:      layout_loops_cross, grunt_ministairs_9
D:3:      layout_loops_ring, vehumet_crystals, uniq_jessica
D:4:      layout_cave_pools, tgw_xom
D:5:      layout_gridville, minmay_temple_entry_wispy, basic_altar,
          glass_columns_b, uniq_blork_the_orc, uniq_sigmund
D:6:      layout_loops_ring
D:7:      gammafunk_wand_slinger, layout_gridville

Skill      XL: |  1  2  3  4  5  6  7  8  9 |
---------------+----------------------------+-----
Maces & Flails | 4 5 |  5.6
Fighting       | 4 5 6 7 |  7.6
Armour         | 3 4 5 |  5.6
Axes           | 2 3 4 7 8 9 |  9.1
Dodging        | 3 4 5 |  5.7
Stealth        | 1 2 3 |  3.0

Action                   |  1- 3 |  4- 6 |  7- 9 || total
-------------------------+-------+-------+-------++-------
Melee: Mace              |    41 |       |    70 ||   111
       Headbutt          |     6 |    12 |    30 ||    48
       Hand axe          |    15 |   101 |    92 ||   208
       Broad axe         |       |     5 |       ||     5
Throw: Stone             |    11 |       |       ||    11
Invok: Berserk           |       |     2 |     5 ||     7
       Trog's Hand       |       |     1 |     2 ||     3
  Use: Scroll            |       |     9 |     6 ||    15
       Potion            |       |     8 |     3 ||    11
 Stab: Sleeping          |       |       |     2 ||     2
Armor: Leather armour    |    13 |    18 |    17 ||    48
       Skin              |       |       |     9 ||     9
       Plate armour      |       |       |    14 ||    14
Dodge: Dodged            |    34 |    74 |   139 ||   247

Table legend: (Time is in decaauts)
 A = Elapsed time spent in this place.
 B = Non-inter-level travel time spent in this place.
 C = Inter-level travel time spent in this place.
 D = Time resting spent in this place.
 E = Time spent auto-exploring this place.
 F = Levels seen in this place.
 G = Mean time per level.
                   A        B        C        D        E       F      G
               +--------+--------+--------+--------+--------+-----+--------+
         Total |   7883 |   7798 |     85 |    934 |   5475 |   7 | 1126.1 |
       Dungeon |   7883 |   7798 |     85 |    934 |   5475 |   7 | 1126.1 |
               +--------+--------+--------+--------+--------+-----+--------+

Top non-repeatable levels by time:
     D:4: 1416 daAuts
     D:5: 1257 daAuts
     D:3: 1163 daAuts
     D:7: 1091 daAuts
     D:6: 1026 daAuts
     D:1: 1025 daAuts
     D:2: 902 daAuts
